AoeStats
← INK | Norian

Arabia

508086518Analyzed
4v4 RM · 11d ago on Sep 20, 2026· 51m 4s· 8 players
Game mode
Random Map
Map size
Large (8 player)
Population
200
Speed
Normal
Resources
Standard
Victory
Conquest
Starting age
Dark Age
Ending age
Imperial Age
RankedLock teamsTeams togetherTeam positionsShared explorationLock speedFull tech treeHidden civsTurbo modeCheats
Victory
Defeat
🇦🇷 Aztecs · Argentina
1520
+10
🇺🇾 Sicilians · Uruguay
1434
+13
🇦🇷 Japanese · Argentina
1321
+47
🇦🇷 Vietnamese · Argentina
1246
+21
🇩🇪 Bengalis · Germany
1410
-17
🇵🇪 Malians · Peru
1368
-15
🇩🇪 Mapuche · Germany
1359
-15
🇨🇦 Mongols · Canada
1350
-15
koppzer
0:44 Loom
9:01 Feudal Age
11:40 Fletching
16:01 Double-Bit Axe
23:51 Padded Archer Armor
30:08 Wheelbarrow
35:32 Castle Age
w h i z.
7:08 Loom
9:41 Feudal Age
10:53 Champi Runner
14:37 Double-Bit Axe
14:57 Scale Mail Armor
14:56 Horse Collar
16:21 Forging
16:50 Fletching
23:18 Wheelbarrow
27:33 Castle Age
25:50 Gold Mining
28:55 Bow Saw
28:48 Heavy Plow
28:53 Town Watch
34:24 Bodkin Arrow
danntheman
6:25 Loom
8:55 Feudal Age
9:29 Double-Bit Axe
15:00 Wheelbarrow
20:27 Castle Age
18:15 Horse Collar
19:15 Bloodlines
18:59 Gold Mining
20:34 Light Cavalry
21:24 Scale Barding Armor
21:27 Husbandry
23:13 Forging
26:08 Chain Barding Armor
26:47 Bow Saw
29:38 Hand Cart
31:08 Heavy Plow
37:21 Imperial Age
35:59 Gold Shaft Mining
36:54 Iron Casting
39:09 Plate Barding Armor
39:01 Conscription
38:50 Paiks
40:47 Blast Furnace
40:00 Devotion
41:56 Elite Battle Elephant
44:51 Fletching
48:30 Padded Archer Armor
49:05 Bodkin Arrow
49:34 Leather Archer Armor
50:39 Bracer
Joestar
5:11 Loom
9:27 Feudal Age
20:04 Bloodlines
20:44 Forging
23:13 Scale Barding Armor
25:16 Wheelbarrow
26:42 Double-Bit Axe
33:20 Castle Age
34:05 Husbandry
INK | Goku
7:18 Loom
9:29 Feudal Age
9:59 Double-Bit Axe
15:34 Fletching
16:41 Padded Archer Armor
20:38 Wheelbarrow
24:31 Castle Age
26:25 Bow Saw
26:19 Bodkin Arrow
26:10 Horse Collar
26:23 Gold Mining
26:45 Crossbowman
30:43 Ballistics
37:25 Thumb Ring
39:05 Leather Archer Armor
43:34 Imperial Age
45:17 Chemistry
43:43 Arbalester
44:38 Bracer
48:10 Ring Archer Armor
52:05 Two-Man Saw
INK | Norian
6:07 Loom
8:50 Feudal Age
9:25 Double-Bit Axe
10:24 Horse Collar
15:17 Scale Mail Armor
17:40 Forging
18:34 Wheelbarrow
23:06 Castle Age
21:49 Arson
22:41 Gold Mining
23:15 Eagle Warrior
23:56 Squires
24:14 Chain Mail Armor
26:04 Town Watch
28:45 Bow Saw
38:08 Imperial Age
36:41 Pikeman
38:11 Elite Eagle Warrior
39:23 Plate Mail Armor
43:20 Conscription
43:35 Heavy Plow
44:21 Iron Casting
45:19 Garland Wars
49:01 Blast Furnace
50:30 Hand Cart
INK | ComidaXfavor
5:43 Loom
8:44 Feudal Age
9:22 Double-Bit Axe
10:07 Horse Collar
19:02 Bloodlines
19:04 Forging
19:20 Scale Barding Armor
21:28 Forging
25:02 Castle Age
26:06 Chain Barding Armor
25:49 Husbandry
26:25 Iron Casting
27:50 Gold Mining
31:43 Wheelbarrow
34:08 Stone Mining
39:03 Bow Saw
43:44 Imperial Age
43:27 Hand Cart
43:14 Heavy Plow
43:55 Gold Shaft Mining
43:52 Cavalier
45:33 Blast Furnace
INK | La Bestia
7:02 Loom
39:32 Feudal Age
45:25 Castle Age
51:34 Fletching
Connection lost

Rejoining the realm…

Still unreachable

The connection could not be restored.

Session expired

The server has moved on; the page needs a fresh start.